 Seeded DCSS version 0.30-a0-719-gcc4359ea44 (webtiles) character file.

Game seed: 905864180322077160 (custom seed)

33 hikkokomori the Digger (level 3, -2/26 HPs)
             Began as a Demigod Earth Elementalist on Jan 27, 2023.
             Slain by Crazy Yiuf
             ... wielding a +3 quarterstaff of chaos
              (13 damage)
             ... on level 2 of the Dungeon.
             The game lasted 00:01:36 (1835 turns).

hikkokomori the Digger (Demigod Earth Elementalist) Turns: 1835, Time: 00:01:36

Health: -2/26      AC:  3    Str: 13    XL:     3   Next: 0%
Magic:  7/8        EV: 12    Int: 17    God:
Gold:   108        SH:  0    Dex: 14    Spells: 5/6 levels left

rFire   . . .      SeeInvis .    (no weapon)
rCold   . . .      Faith    .    (no shield)
rNeg    . . .      Spirit   .    a - +0 robe
rPois   .          Reflect  .    h - +0 hat
rElec   .          Harm     .    n - +0 cloak
rCorr   .          Rampage  .    (no gloves)
Will    .....                    (no boots)
Stlth   ++                       (no amulet)
HPRegen 0.24/turn                (no ring)
MPRegen 0.11/turn                (no ring)

@: no status effects
A: high MP 1, forlorn, divine attributes
a: no special abilities


You were on level 2 of the Dungeon.
You visited 1 branch of the dungeon, and saw 2 of its levels.

You collected 108 gold pieces.

Inventory:

Armour
 a - a +0 robe (worn)
 h - a +0 hat (worn)
 n - a +0 cloak (worn)
Scrolls
 d - a scroll of vulnerability {unknown}
 e - a scroll of teleportation {unknown}
 f - a scroll of noise {unknown}
 i - a scroll of fear {unknown}
 j - a scroll of identify {unknown}
 l - a scroll of magic mapping {unknown}
 m - a scroll of poison {unknown}
 o - a scroll of amnesia {unknown}
Potions
 b - 2 potions of magic
 c - 4 potions of curing
 g - a potion of flight {unknown}
 k - a potion of haste {unknown}


   Skills:
 + Level 2.1 Dodging
 + Level 2.2 Stealth
 + Level 2.1 Spellcasting
 + Level 1.4 Transmutations
 + Level 3.0 Earth Magic


You had 5 spell levels left.
You knew the following spells:

 Your Spells              Type           Power      Damage    Failure   Level
a - Sandblast             Erth           24%        2d8       5%          1

Your spell library contained the following spells:

 Spells                   Type           Power      Damage    Failure   Level
 Passwall                 Tmut/Erth      7%         N/A       12%         2
 Stone Arrow              Conj/Erth      12%        3d7       30%         3
 Petrify                  Tmut/Erth      9%         N/A       61%         4


Dungeon Overview and Level Annotations

Branches:
Dungeon (2/15)

Shops:
D:1 *

Annotations:
D:2 Crazy Yiuf


Innate Abilities, Weirdness & Mutations

You have an increased reservoir of magic. (+10% MP)
You shall have no god before yourself.
Your divine heritage dramatically boosts your attributes as you level up.


Message History

A hobgoblin is nearby!
A hobgoblin is nearby!
Found a scroll labelled MENYTO QILUL.
The hobgoblin shouts!
The blast of sand hits the hobgoblin.
You kill the hobgoblin!
Your Earth Magic skill increases to level 3!
You have reached level 3!
Your experience leads to a dramatic increase in your attributes!
Increase (S)trength, (I)ntelligence, or (D)exterity?
You feel stronger. x4
o - a scroll labelled MENYTO QILUL
b - 2 potions of magic (gained 1)
You see here a +0 spear.
There is a stone staircase leading down here.
Found a ring mail.
Found a dagger.
You now have 108 gold pieces (gained 8).
Found a hammer.
Found a runed translucent door.
Crazy Yiuf shouts!
Could not explore, unopened runed door.
Could not explore, unopened runed door.
As you open the door, it creaks loudly!
Casting: Sandblast (safe; 5% risk of failure)
Confirm with . or Enter, or press ? or * to list all spells.
Aiming: Sandblast (safe; 5% risk of failure)
Press: ? - help, Shift-Dir - straight line, f - Crazy Yiuf
Aim: Crazy Yiuf, wielding a +3 quarterstaff of chaos and wearing a +0 cloak (84% to hit)
The blast of sand hits Crazy Yiuf.
Crazy Yiuf is moderately wounded.
Crazy Yiuf hits you with a +3 quarterstaff of chaos!
Ouch! That really hurt!
You are lethally poisoned!
Crazy Yiuf hits you with a +3 quarterstaff of chaos.
* * * LOW HITPOINT WARNING * * *
Crazy Yiuf freezes you.
* * * LOW HITPOINT WARNING * * *
It was a potion of curing.
You feel better.
Crazy Yiuf hits you with a +3 quarterstaff of chaos!
Ouch! That really hurt!
You die...

# #.#
####....# #
#.# #....#
#######.##
♣....♣
.........#
♣♣...♣
#######..#
♣♣.♣♣ #..#
♣♣.♣ #..#
♣.♣♣ #..#
♣♣.♣ #..###
♣@♣♣ ##
#....# #g#
.######.####
...
...........#
#...#
........####
#)..#
#########
#####


You could see Crazy Yiuf.

Vanquished Creatures
  4 ball pythons
  4 endoplasms (D:1)
  2 giant cockroaches (D:1)
  3 goblins
  3 hobgoblins
  2 kobolds
  3 quokkas (D:1)
  4 bats
  3 frilled lizards
  A rat (D:2)
29 creatures vanquished.

Notes
Turn   | Place    | Note
-------+----------+-------------------------------------------
     0 | D:1      | hikkokomori the Demigod Earth Elementalist began the quest
                  | for the Orb.
     0 | D:1      | Reached XP level 1. HP: 14/14 MP: 5/5
    51 | D:1      | Found Heeq's Assorted Antiques.
    54 | D:1      | Reached skill level 1 in Transmutations
   304 | D:1      | Reached XP level 2. HP: 20/20 MP: 4/7
  1687 | D:2      | Reached skill level 3 in Earth Magic
  1687 | D:2      | Reached XP level 3. HP: 26/26 MP: 6/8
  1799 | D:2      | Found a runed translucent door.
  1800 | D:2      | Noticed Crazy Yiuf
  1835 | D:2      | Slain by Crazy Yiuf

Illustrated notes

Levels and vault maps discovered:
D:1:      dpeg_arrival_renting, layout_loops_ring, serial_shops, shop,
          nicolae_figureground_sparkle
D:2:      layout_loops_ring, grunt_ministairs_14, kennysheep_generic_room_4,
          uniq_crazy_yiuf_cottage

Skill      XL: |  1  2 |
---------------+-------+-----
Transmutations | 1 |  1.4
Stealth        | 2 |  2.2
Dodging        | 2 |  2.1
Spellcasting   | 2 |  2.1
Earth Magic    | 3 |  3.0

Action                     || total
---------------------------++-------
   Cast: Sandblast         ||    40
    Use: Potion            ||     1
 Armour: Robe              ||     3
  Dodge: Dodged            ||     6

Table legend: (Time is in decaauts)
 A = Elapsed time spent in this place.
 B = Non-inter-level travel time spent in this place.
 C = Inter-level travel time spent in this place.
 D = Time resting spent in this place.
 E = Time spent auto-exploring this place.
 F = Levels seen in this place.
 G = Mean time per level.
                   A        B        C        D        E       F      G
               +--------+--------+--------+--------+--------+-----+--------+
         Total |   1855 |   1741 |    114 |      0 |   1565 |   2 |  927.5 |
       Dungeon |   1855 |   1741 |    114 |      0 |   1565 |   2 |  927.5 |
               +--------+--------+--------+--------+--------+-----+--------+

Top non-repeatable levels by time:
     D:1: 1095 daAuts
     D:2: 759 daAuts
